 Dungeon Crawl Stone Soup version 0.23.2-33-g5129a83184 (webtiles) character file.

Game seed: 17493349032123629914

8568 FishyPogo the Spear-Bearer (level 11, -2/104 HPs)
             Began as a Minotaur Berserker on July 31, 2019.
             Was an Elder of Trog.
             Slain by a tengu warrior
             ... wielding a +0 great mace
              (5 damage)
             ... on level 11 of the Dungeon.
             The game lasted 01:05:50 (8211 turns).

FishyPogo the Spear-Bearer (Minotaur Berserker)     Turns: 8211, Time: 01:05:55

Health: -2/104     AC: 21    Str: 24    XL:     11   Next: 11%
Magic:  10/10      EV:  7    Int:  7    God:    Trog [****..]
Gold:   612        SH:  3    Dex: 11    Spells: 10/10 levels left

rFire    . . .     SeeInvis .   a - +0 spear
rCold    . . .     Gourm    .   f - +0 buckler
rNeg     . . .     Faith    .   M - +7 chain mail of the Sky {Int+3}
rPois    +         Spirit   .   J - +2 hat
rElec    .         Reflect  .   u - +0 cloak
rCorr    .         Harm     .   (no gloves)
MR       ++...                  (no boots)
Stlth    ..........             (no amulet)
HPRegen  1.27/turn              O - ring of poison resistance
MPRegen  0.12/turn              I - +3 ring of protection (curse)

@: berserk cooldown, flying, regenerating, slowed, extremely drained, very slow
A: retaliatory headbutt, horns 2, low mp 1, MP-powered wands, sturdy frame 1
a: Berserk, Trog's Hand, Brothers in Arms, Renounce Religion


You were on level 11 of the Dungeon.
You worshipped Trog.
Trog was greatly pleased with you.
You were near starving.

You visited 1 branch of the dungeon, and saw 11 of its levels.
You also visited: Ossuary.

You collected 612 gold pieces.

Inventory:

Hand Weapons
 a - a +0 spear (weapon)
 e - a +4 vampiric lajatang
 H - the cursed +1 rapier of Fuhinoh {flame, rN+ Stlth+}
   (You found it on level 6 of the Dungeon)

   It has been specially enchanted to burn those struck by it, causing extra
   injury to most foes and up to half again as much damage against particularly
   susceptible opponents.
   It protects you from negative energy.
   It makes you more stealthy.
   It has a curse placed upon it.
Missiles
 l - 366 stones (quivered)
Armour
 d - a +0 troll leather armour
 f - a +0 buckler (worn)
 p - a +2 leather armour of poison resistance
 u - a +0 cloak (worn)
 E - a +1 robe of positive energy
 J - a +2 hat (worn)
 M - the +7 chain mail of the Sky (worn) {Int+3}
   (You found it on level 8 of the Dungeon)

   It affects your intelligence (+3).
Jewellery
 r - a +6 ring of evasion
 w - an uncursed ring of positive energy
 I - a cursed +3 ring of protection (right hand)
 O - a ring of poison resistance (left hand)
Wands
 s - a wand of digging (1)
 v - a wand of paralysis (8)
 K - a wand of random effects (16)
 L - a wand of disintegration (18)
 P - a wand of iceblast (6)
Scrolls
 b - a scroll of teleportation
 g - 8 scrolls of identify
 h - a scroll of noise {unknown}
 i - 7 scrolls of remove curse
 k - 2 scrolls of amnesia {unknown}
 m - a scroll of immolation {unknown}
 x - 2 scrolls of enchant weapon {unknown}
 y - 3 scrolls of enchant armour {unknown}
 z - a scroll of fear
 A - 2 scrolls of brand weapon {unknown}
 D - a scroll of blinking {unknown}
 N - a scroll of acquirement {unknown}
Potions
 j - 7 potions of curing
 n - a potion of cancellation
 o - a potion of berserk rage {unknown}
 q - 5 potions of mutation
 t - a potion of might
 B - 2 potions of haste
 G - a potion of ambrosia {unknown}
Comestibles
 c - 19 rations
 F - 4 chunks of flesh


   Skills:
 + Level 12.0(0.0) Fighting
 + Level 12.0(0.0) Polearms
 - Level 11.0(0.0) Armour
 - Level 2.1(0.0) Dodging
 - Level 4.1(0.0) Shields
 - Level 3.0(0.0) Evocations


You had 10 spell levels left.
You didn't know any spells.
Your spell library was empty.

Dungeon Overview and Level Annotations

Branches:
Dungeon (11/15)            Temple (0/1) D:5
   Lair: D:8-11         Orc: D:9-12

Altars:
Cheibriados
Gozag
Hepliaklqana
Kikubaaqudgha
Nemelex Xobeh
Qazlal
Sif Muna
Xom
Zin

Shops:
D:4 !   D:7 (   D:8 !

Annotations:
D:3 3 runed translucent doors, Ebobla's ghost, weakling DsGl; Lapis's ghost, amateur SpEn; PeSeC's ghost, amateur MiFi; barcode's ghost, amateur FoHu
D:5 Grinder
D:7 Prince Ribbit
D:10 Sonja


Innate Abilities, Weirdness & Mutations

You reflexively headbutt those who attack you in melee.
You have a pair of horns on your head.
Your magical capacity is low. (-10% MP)
You expend magic power (3 MP) to strengthen your wands.
Your movements are slightly less encumbered by armour. (ER -2)


Message History

Your headbutt misses the tengu warrior.
The tengu warrior is moderately wounded.
You closely miss the tengu warrior. You headbutt the tengu warrior!
The tengu warrior is heavily wounded.
You are no longer berserk.
You are exhausted.
You feel yourself slow down.
The tengu warrior hits you with a +0 great mace.
* * * LOW HITPOINT WARNING * * *
The tengu warrior pecks you.
* * * LOW HITPOINT WARNING * * *
The tengu warrior claws you but does no damage.
It was a potion of flight.
You feel very buoyant.
You fly up into the air.
The tengu warrior hits you but does no damage.
The tengu warrior pecks you.
* * * LOW HITPOINT WARNING * * *
The tengu warrior claws you.
You die...

#.#.######..#..........
#.######...#.......#..
###..........##.....##..
#....#####...###...###.. #.#.##
###.#.......... ##....#####
#.#.#####.### #.........# #.#.#
...... #.#...###.###...# ... .
##### #......Q@...#.<.##..# #
#...####.##.####.......#. #
#.(......##.# ##.#.... #
...####.##.## #.##^.# ## #.#
#...#...# #.##..# ##.
#.###.#.#...#####รท##<.#.#####..
#.....................#........
#)#####.#########.#########.###
#.#....)....#.........#..##..#


You could see a tengu warrior.

Vanquished Creatures
  2 two-headed ogres
  A hydra (D:11)
  A gargoyle (D:10)
  Psyche (D:10)
  2 trolls (D:10)
  3 hippogriffs
  Sigmund (D:5)
  A wyvern (D:9)
  4 yaks (D:9)
  2 hungry ghosts
  An orc warrior (D:9)
  A black bear (D:9)
  2 ice beasts (D:7)
  2 sky beasts (D:8)
  5 ogres
  A phantom (D:9)
  A necrophage (D:10)
  An elf zombie (Ossuary)
  2 big kobolds (D:10)
  3 bullfrogs
  A wyvern skeleton (D:8)
  4 scorpions
  8 killer bees
  4 wights (D:8)
  4 electric eels (D:10)
  2 howler monkeys
  A bullfrog zombie (D:5)
  6 crimson imps
  2 quasits (D:9)
  A human zombie (Ossuary)
  2 jellies
  3 orc wizards
  3 centaur skeletons
  6 hounds
  Terence (D:2)
  4 iguanas
  5 worker ants
  A big kobold zombie (Ossuary)
  A hound skeleton (D:9)
  2 mummies (Ossuary)
  Robin (D:2)
  4 gnolls (D:5)
  A howler monkey zombie (D:5)
  16 adders
  A shadow imp (D:7)
  An ooze (D:2)
  An adder zombie (Ossuary)
  4 worms
  2 dart slugs
  3 leopard geckos
  22 orcs
  2 bats (D:3)
  7 giant cockroaches
  11 goblins
  5 hobgoblins
  4 jackals
  7 quokkas
  A ball python (D:4)
  6 frilled lizards
  4 goblin zombies (Ossuary)
  5 hobgoblin zombies (Ossuary)
  19 kobolds
  9 kobold zombies (Ossuary)
  A leopard gecko skeleton (D:4)
  12 orc zombies (Ossuary)
  A quokka zombie (D:6)
  9 rats
  2 rat zombies (Ossuary)
  2 fungi (D:1)
261 creatures vanquished.

Vanquished Creatures (collateral kills)
  An ogre (D:7)
  An orc (D:7)
2 creatures vanquished.

Vanquished Creatures (others)
  A kobold (D:10)
  A withered plant (D:3)
2 creatures vanquished.

Grand Total: 265 creatures vanquished

Notes
Turn   | Place    | Note
-------+----------+-------------------------------------------
     0 | D:1      | FishyPogo the Minotaur Berserker began the quest for the
                  | Orb.
     0 | D:1      | Reached XP level 1. HP: 19/19 MP: 0/0
   416 | D:1      | Reached XP level 2. HP: 24/27 MP: 1/1
   986 | D:2      | Reached XP level 3. HP: 29/33 MP: 2/2
   993 | D:2      | Reached ** piety under Trog
  1384 | D:2      | Noticed Terence
  1395 | D:2      | Killed Terence
  1395 | D:2      | Reached XP level 4. HP: 22/41 MP: 3/3
  1566 | D:2      | Noticed Robin
  1590 | D:2      | Killed Robin
  1590 | D:2      | Reached skill level 5 in Fighting
  1590 | D:2      | Reached skill level 5 in Polearms
  1716 | D:2      | Reached XP level 5. HP: 38/48 MP: 4/4
  2052 | D:3      | Found a deep blue altar of Sif Muna.
  2167 | D:3      | Found a runed translucent gate.
  2167 | D:3      | Found a runed translucent gate.
  2169 | D:3      | Found a runed translucent gate.
  2169 | D:3      | Noticed Ebobla's ghost (weakling DsGl)
  2169 | D:3      | Noticed PeSeC's ghost (amateur MiFi)
  2200 | D:3      | Noticed Lapis's ghost (amateur SpEn)
  2201 | D:3      | Noticed barcode's ghost (amateur FoHu)
  2366 | D:3      | Reached *** piety under Trog
  2723 | D:4      | Noticed an ogre
  2726 | D:4      | Killed an ogre
  2726 | D:4      | Reached skill level 1 in Shields
  2726 | D:4      | Reached XP level 6. HP: 57/57 MP: 5/5
  2844 | D:4      | Found Vogiaghi's Distillery.
  2899 | D:4      | Lost intelligence.
  2947 | D:4      | Reached XP level 7. HP: 61/64 MP: 6/6
  3102 | D:4      | Found an opulent altar of Gozag.
  3113 | D:4      | Reached skill level 1 in Evocations
  3298 | D:5      | Entered Level 5 of the Dungeon
  3308 | D:5      | Found a sand-covered staircase.
  3329 | Ossuary  | Entered an ossuary
  3362 | Ossuary  | Reached **** piety under Trog
  3613 | D:5      | Found a staircase to the Ecumenical Temple.
  3681 | D:5      | Reached skill level 5 in Armour
  3716 | D:5      | Noticed Grinder
  3721 | D:5      | Reached XP level 8. HP: 73/73 MP: 8/8
  3794 | D:5      | Noticed Sigmund
  3889 | D:5      | Killed Sigmund
  4154 | D:6      | Got a polished rapier
  4155 | D:6      | Identified the cursed +1 rapier of Fuhinoh {flame, rN+
                  | Stlth+} (You found it on level 6 of the Dungeon)
  4237 | D:6      | Found a sparkling altar of Nemelex Xobeh.
  4277 | D:6      | Found a stormy altar of Qazlal.
  4405 | D:6      | Found an opulent altar of Gozag.
  4729 | D:7      | Found Tosuinoc's Weapon Boutique.
  4764 | D:7      | Found a glowing silver altar of Zin.
  4769 | D:7      | Noticed Prince Ribbit
  4770 | D:7      | Noticed a hippogriff
  4794 | D:7      | Killed a hippogriff
  4882 | D:7      | Reached XP level 9. HP: 82/82 MP: 10/10
  5092 | D:7      | Found a snail-covered altar of Cheibriados.
  5458 | D:8      | Reached ***** piety under Trog
  5638 | D:8      | Found Fecox's Distillery.
  5690 | D:8      | Noticed a two-headed ogre
  5710 | D:8      | Killed a two-headed ogre
  5710 | D:8      | Reached skill level 10 in Fighting
  5710 | D:8      | Reached skill level 10 in Polearms
  5819 | D:8      | Found an ancient bone altar of Kikubaaqudgha.
  5927 | D:8      | Got a bronze chain mail
  5928 | D:8      | Identified the +7 chain mail of the Sky {Int+3} (You found
                  | it on level 8 of the Dungeon)
  6022 | D:9      | Reached XP level 10. HP: 94/94 MP: 11/11
  6062 | D:9      | Found a shimmering altar of Xom.
  6451 | D:9      | Found a hazy altar of Hepliaklqana.
  6612 | D:9      | Received a gift from Trog
  6825 | D:9      | Reached skill level 10 in Armour
  7074 | D:10     | Entered Level 10 of the Dungeon
  7099 | D:10     | Noticed Psyche
  7113 | D:10     | Killed Psyche
  7349 | D:10     | Gained mutation: You expend magic power (3 MP) to
                  | strengthen your wands. [potion of mutation]
  7349 | D:10     | Gained mutation: You have a pair of large horns on your
                  | head. [potion of mutation]
  7349 | D:10     | Gained mutation: You are weak. (Str -2) [potion of
                  | mutation]
  7349 | D:10     | Gained mutation: Your movements are slightly less
                  | encumbered by armour. (ER -2) [potion of mutation]
  7350 | D:10     | Lost mutation: You have a pair of large horns on your head.
                  | [potion of mutation]
  7350 | D:10     | Lost mutation: You expend magic power (3 MP) to strengthen
                  | your wands. [potion of mutation]
  7350 | D:10     | Lost mutation: You are weak. (Str -2) [potion of mutation]
  7350 | D:10     | Gained mutation: Your magical capacity is low. (-10% MP)
                  | [potion of mutation]
  7350 | D:10     | Gained mutation: You expend magic power (3 MP) to
                  | strengthen your wands. [potion of mutation]
  7643 | D:10     | Noticed a gargoyle
  7656 | D:10     | Killed a gargoyle
  7665 | D:10     | Noticed Sonja
  7676 | D:10     | Noticed a two-headed ogre
  7698 | D:10     | Killed a two-headed ogre
  7698 | D:10     | Reached XP level 11. HP: 14/104 MP: 10/10
  7711 | D:10     | HP: 4/104 [Sonja/+0 short sword of draining (2)]
  8152 | D:11     | Noticed an eight-headed hydra
  8154 | D:11     | Noticed a tengu warrior
  8201 | D:11     | Killed an eight-headed hydra
  8210 | D:11     | HP: 3/104 [tengu warrior/+0 great mace (3)]
  8211 | D:11     | Slain by a tengu warrior

Skill      XL: |  1  2  3  4  5  6  7  8  9 10 11 |
---------------+----------------------------------+-----
Polearms       | 4 5 6 7 8 10 11 12 | 12.0
Fighting       | 4 5 6 7 8 10 11 12 | 12.0
Armour         | 3 4 5 6 8 11 | 11.0
Shields        | 1 2 3 4 |  4.1
Evocations     | 1 3 |  3.0
Dodging        | |  2.1

Action                   |  1- 3 |  4- 6 |  7- 9 | 10-12 || total
-------------------------+-------+-------+-------+-------++-------
Melee: Spear             |   144 |   133 |   469 |   413 ||  1159
       Headbutt          |    21 |    28 |    74 |    70 ||   193
Throw: Stone             |       |     8 |    10 |    31 ||    49
Invok: Berserk           |       |       |     1 |     3 ||     4
       Trog's Hand       |       |       |     2 |     6 ||     8
       Brothers in Arms  |       |       |     1 |     2 ||     3
Evoke: Wand              |       |       |       |     1 ||     1
  Use: Potion            |       |     4 |       |     6 ||    10
       Scroll            |       |     3 |     5 |     1 ||     9
 Stab: Sleeping          |       |     1 |       |       ||     1
       Invisible         |       |       |       |     1 ||     1
  Eat: Chunk             |     2 |     4 |    16 |    14 ||    36
Armor: Leather armour    |     7 |     8 |    57 |       ||    72
       Chain mail        |       |       |     3 |   220 ||   223
Dodge: Dodged            |    38 |    48 |   212 |   163 ||   461
Block: Buckler           |       |     7 |    53 |    56 ||   116
